 Dungeon Crawl Stone Soup version 0.31-a0-187-gba352fbbf7 (webtiles) character file.

Game seed: 9952494955595422518

127 qw the Skirmisher (level 4, 0/25 HPs)
             Began as a Deep Elf Hunter on June 22, 2023.
             Slain by a ball python (1 damage)
             ... on level 3 of the Dungeon.
             The game lasted 00:00:41 (1681 turns).

qw the Skirmisher (Deep Elf Hunter)                 Turns: 1681, Time: 00:00:41

Health: 0/25       AC:  5    Str: 10    XL:     4   Next: 85%
Magic:  6/6        EV:  8    Int: 14    God:
Gold:   144        SH:  0    Dex: 18    Spells: 3/3 levels left

rFire   . . .        Y - +1 shortbow (freeze)
rCold   . . .        (shield currently unavailable)
rNeg    . . .        g - +0 ring mail
rPois   .            (no helmet)
rElec   .            (no cloak)
rCorr   .            (no gloves)
SInv    .            (no boots)
Will    .....        (no amulet)
Stlth   +            (no ring)
HPRegen 0.24/turn    (no ring)
MPRegen 0.10/turn

%: no passive effects
@: constricted
A: no striking features
a: no special abilities


You were on level 3 of the Dungeon.
You visited 1 branch of the dungeon, and saw 3 of its levels.

You collected 144 gold pieces.


   Skills:
 - Level 1.5 Fighting
 + Level 8.3 Ranged Weapons
 - Level 2.4 Dodging
 - Level 1.2 Stealth


You had 3 spell levels left.
You didn't know any spells.
Your spell library was empty.

Inventory:

Hand Weapons
 Y - a +1 shortbow of freezing (weapon)
Armour
 g - a +0 ring mail (worn)
Scrolls
 k - a scroll of identify
Potions
 a - a potion of lignification {unknown}
 b - a potion of berserk rage {unknown}
 c - a potion of degeneration {unknown}
 d - a potion of cancellation {unknown}
 e - a potion of attraction {unknown}
 i - 2 potions of enlightenment
 j - a potion of heal wounds {unknown}

Dungeon Overview and Level Annotations

Branches:
Dungeon (3/15)

Altars:
Cheibriados
Xom


Message History

Found a scroll labelled LIECIUJUUS.
The gnoll shouts!
An adder comes into view.
The gnoll moves out of view.
Enter note:
Enter note:
Enter note:
Enter note:
Enter note:
Enter note: You shoot an arrow.
The adder hisses angrily.
The arrow hits the orc!
The arrow freezes the orc.
You kill the orc!
The gnoll throws a throwing net.
The throwing net hits you.
You become entangled in the net!
You struggle against the net.
A gnoll comes into view. It is wielding a +0 flail.
You struggle against the net.
The gnoll hits you with a +0 flail. The gnoll barely misses you.
You struggle against the net.
The ball python bites you. The ball python barely misses you.
The gnoll hits you with a +0 flail!
The gnoll hits you from afar with a +0 spear.
You rip the net and break free!
The ball python bites you but does no damage.
The ball python grabs you. The ball python constricts you.
The ball python loses its grip on you. The gnoll hits you but does no damage.
The gnoll hits you from afar with a +0 spear.
You shoot an arrow. The arrow hits the gnoll.
The arrow freezes the gnoll.
The gnoll is lightly wounded.
The adder bites you. The gnoll closely misses you. The gnoll barely misses you.
You shoot an arrow. The arrow hits the gnoll.
The arrow freezes the gnoll.
The gnoll is heavily wounded.
The adder barely misses you. The ball python closely misses you.
The ball python grabs you. The ball python constricts you.
The gnoll hits you but does no damage. The gnoll hits you with a +0 flail.
The gnoll hits you but does no damage. The adder barely misses you.
The ball python bites you.
You die...

.?...#.... .##........
### .......#... #.#
#.....<... #.#
#......#'#########.#
#......#.##........###
#..gS..#.##...........
#..gS@.#.##...........
....###gg#.########.....
...........#########'#..
#########..........<...
########.####.......##
#...........'.......'.
#.######...##.)....)##
#.# ###.##.......## #)#
#..#..:......


You could see 4 gnolls, an adder and a ball python.

Vanquished Creatures
  An orc wizard (D:3)
  5 adders
  A worm (D:2)
  5 orcs (D:3)
  4 bats
  An endoplasm (D:2)
  3 giant cockroaches
  6 goblins
  3 hobgoblins (D:2)
  9 kobolds
  2 quokkas
  4 ball pythons
  4 frilled lizards
  5 rats
53 creatures vanquished.

Notes
Turn   | Place    | Note
-------+----------+-------------------------------------------
     0 | D:1      | qw the Deep Elf Hunter began the quest for the Orb.
     0 | D:1      | Reached XP level 1. HP: 12/12 MP: 3/3
     0 | D:1      | 0 ||| qw: Version: 0.3-a-9-g12657ce
     0 | D:1      | 0 ||| qw: Game counter: 1944
     0 | D:1      | 0 ||| qw: Always use a shield: true
     0 | D:1      | 0 ||| qw: God list: Okawaru
     0 | D:1      | 0 ||| qw: Allow faded altars: false
     0 | D:1      | 0 ||| qw: Do Orc after D:15 true
     0 | D:1      | 0 ||| qw: Do second Lair branch before Depths: true
     0 | D:1      | 0 ||| qw: Lair rune preference: random
     0 | D:1      | 0 ||| qw: Plans: Normal
     0 | D:1      | 0 ||| PLANNING D:1-11
   118 | D:1      | Reached XP level 2. HP: 13/16 MP: 4/4
   157 | D:1      | Reached skill level 6 in Ranged Weapons
   575 | D:1      | 575 ||| UPGRADING to +0 ring mail.
   585 | D:1      | 585 ||| DROPPING +0 leather armour.
   586 | D:1      | 586 ||| READING scroll labelled RURYR EXUYRIEMN.
   587 | D:1      | 587 ||| READING 2 scrolls labelled DIRAGIH XITIGG.
   588 | D:1      | 588 ||| READING scroll labelled UTIUCZ XUBU.
   589 | D:1      | 589 ||| READING 2 scrolls labelled ETSACO EPPI.
   590 | D:1      | 590 ||| READING scroll of brand weapon.
   590 | D:1      | 590 ||| BRANDING +0 shortbow of draining.
   591 | D:1      | 591 ||| DRINKING 3 lumpy green potions.
   592 | D:1      | 592 ||| DROPPING scroll of butterflies.
   593 | D:1      | 593 ||| DROPPING scroll of revelation.
   752 | D:2      | Reached XP level 3. HP: 20/20 MP: 5/5
   859 | D:2      | Reached skill level 7 in Ranged Weapons
  1087 | D:2      | Found a shimmering altar of Xom.
  1362 | D:2      | Reached XP level 4. HP: 25/25 MP: 6/6
  1382 | D:2      | 1382 ||| READING scroll labelled FOMUONN AXKETE.
  1383 | D:2      | 1383 ||| READING scroll labelled GUGRYG RUVAQ.
  1384 | D:2      | 1384 ||| READING scroll labelled OLEAJA JIUNIRGH.
  1464 | D:3      | Identified the +5 mace of the New World {flame, Int+6}
  1534 | D:3      | Reached skill level 8 in Ranged Weapons
  1560 | D:3      | Found a snail-covered altar of Cheibriados.
  1674 | D:3      | 1674 ||| Stepping ~*~*~tactically~*~*~ (outnumbered).
  1679 | D:3      | HP: 6/25 [gnoll/+0 spear (3)]
  1681 | D:3      | HP: 1/25 [gnoll/+0 flail (4)]
  1681 | D:3      | Slain by a ball python

Levels and vault maps discovered:
D:1:      dpeg_arrival_round_a, layout_basic
D:2:      minmay_thinvault, layout_rooms, basic_altar
D:3:      kennysheep_the_goblin_king, layout_basic, kennysheep_okawaru_gauntlet,
          cheibriados_altar_1

Skill      XL: |  1  2  3  4 |
---------------+-------------+-----
Ranged Weapons | 6 7 8 |  8.3
Fighting       | |  1.5
Dodging        | |  2.4
Stealth        | |  1.2

Action                     |  1- 3 |  4- 6 || total
---------------------------+-------+-------++-------
   Fire: Shortbow          |    94 |    37 ||   131
    Use: Scroll            |     5 |     3 ||     8
         Potion            |     1 |       ||     1
 Armour: Ring mail         |    12 |     7 ||    19
         Leather armour    |     2 |       ||     2
  Dodge: Dodged            |    24 |    13 ||    37

Table legend:
 A = Non-vault XP
 B = Vault XP
 C = Vault XP percentage of total XP
 D = Non-vault monster count
 E = Vault monster count
 F = Vault count percentage of total count
                 A         B        C        D         E       F
            +---------+---------+-------+---------+---------+-------
      Total |     142 |      40 |  22.0 |      41 |      12 |  22.6
            +---------+---------+-------+---------+---------+-------
        D:1 |      22 |       0 |   0.0 |      13 |       0 |   0.0
        D:2 |      47 |      40 |  46.0 |      14 |      12 |  46.2
        D:3 |      73 |       0 |   0.0 |      14 |       0 |   0.0
            +---------+---------+-------+---------+---------+-------
